cohdb
Replays
Latest Replays
All Replays
Popular Replays
Top Player Replays
Match Explorer
How It Works
Community
CoH3 Stats
Reddit
Sign in to upload your games and track your stats! →
Sign in with Steam
Match 39536916
Unlisted
Match 39536916
Overview
Messages
Build Orders
End
Panzergrenadier Squad
Selects Panzerjäger Kommand Battlegroup
Kradschützen Motorcycle Team
250 Light Carrier
Construct Light Support Kompanie
Combat Half-tracks
Fire Support Elements
Selects Tank Busters
Panzergrenadier Squad
Panzergrenadier Squad
Panzerjäger Mechanized Group
Selects Mine Fields
2.5-tonne Medical Truck
Veteran Squad Leaders
Construct Panzerarmee Kommand
Panzer III L Medium Tank
UH|dun! ツ
Goatfer
AntosicCZ
Raz
CPU - Hard
CPU - Hard
CPU - Hard
CPU - Hard
0
0
Comments
sign in to comment!
No comments posted yet!